 Dungeon Crawl Stone Soup version 0.19-a0-1007-g133f65f (webtiles) character file.

8479 HAL9000 the Bludgeoner (level 11, -13/122 (123) HPs)
             Began as an Ogre Berserker on July 21, 2016.
             Was a High Priest of Trog.
             Mangled by a wolf spider (19 damage)
             ... on level 1 of the Lair of Beasts.
             The game lasted 00:20:39 (9816 turns).

HAL9000 the Bludgeoner (Ogre Berserker)             Turns: 9816, Time: 00:20:40

HP:   -13/122 (123) AC:  5    Str: 26    XL:     11   Next: 31%
MP:   20/20         EV: 17    Int:  6    God:    Trog [*****.]
Gold: 479           SH:  0    Dex: 12    Spells: 0 memorised, 10 levels left

rFire  . . .     SeeInvis .     M - +3 giant spiked club
rCold  . . .     Gourm    .     b - +1 animal skin
rNeg   . . .     Faith    .     (shield currently unavailable)
rPois  .         Spirit   .     P - +1 hat
rElec  .         Dismiss  .     (no cloak)
rCorr  .         Reflect  .     (gloves unavailable)
SustAt .         Harm     +     (boots unavailable)
MR     +....                    I - amulet of harm
Stlth  +.........               X - +6 ring of evasion
                                O - ring of magical power

@: lethally poisoned (-13 -> -67), somewhat resistant to hostile enchantments,
very unstealthy
A: unfitting armour, strong 1, tough skin 1
a: Berserk, Trog's Hand, Brothers in Arms, Burn Spellbooks, Renounce Religion


You were on level 1 of the Lair of Beasts.
You worshipped Trog.
Trog was extremely pleased with you.
You were very hungry.

You visited 3 branches of the dungeon, and saw 11 of its levels.

You collected 521 gold pieces.
You spent 42 gold pieces at shops.

Inventory:

Hand Weapons
 M - a +3 giant spiked club (weapon)
 U - a +0 blowgun
Missiles
 x - 13 tomahawks
 C - 7 javelins (quivered)
 V - 2 throwing nets
 Y - 2 curare-tipped needles
Armour
 b - a +1 animal skin (worn)
 P - a +1 hat (worn)
Jewellery
 I - an amulet of harm (around neck)
 O - a ring of magical power (left hand)
 X - a +6 ring of evasion (right hand)
Wands
 Z - a wand of polymorph (24/24)
Scrolls
 d - a scroll of fear
 f - 6 scrolls of remove curse
 n - 3 scrolls of teleportation
 s - 3 scrolls of fog
 Q - a scroll of enchant armour
 W - a scroll of recharging
Potions
 e - 4 potions of brilliance
 g - 2 potions of might
 j - 4 potions of cancellation
 o - 2 potions of flight
 q - a potion of cure mutation {unknown}
 t - 2 potions of lignification
 v - 6 potions of heal wounds
 G - 3 potions of agility
 H - 2 potions of curing
 S - a potion of invisibility {unknown}
 T - a potion of ambrosia {unknown}
Books
 y - a book of Spatial Translocations

   Spells                             Type                      Level
   a - Apportation                    Translocation                1
   b - Blink                          Translocation                2
   c - Shroud of Golubria             Charms/Translocation         2
   d - Portal Projectile              Translocation                3
   e - Teleport Other                 Translocation                3
   f - Passage of Golubria            Translocation                4
   Trog disapproves of the use of such an item.
 L - a book of Changes

   Spells                             Type                      Level
   a - Beastly Appendage              Transmutation                1
   b - Sticks to Snakes               Transmutation                2
   c - Spider Form                    Transmutation/Poison         3
   d - Ice Form                       Ice/Transmutation            4
   e - Blade Hands                    Transmutation                5
   Trog disapproves of the use of such an item.
Comestibles
 c - 10 bread rations
 h - 8 meat rations
 i - 12 beef jerkies
 r - a slice of pizza
 R - 8 fruits


   Skills:
 - Level 12.0 Fighting
 * Level 17.0 Maces & Flails
 + Level 3.3 Throwing
 + Level 4.5 Dodging


You had 10 spell levels left.
You didn't know any spells.

Dungeon Overview and Level Annotations

Branches:
Dungeon (9/15)             Temple (1/1) D:7            Lair (1/6) D:9
    Orc: D:9-12

Altars:
Cheibriados
Kikubaaqudgha
Ru
Trog
Zin
The Shining One

Shops:
D:8 ?


Innate Abilities, Weirdness & Mutations

You are too large for most types of armour.
You have tough skin. (AC +1)
Your muscles are strong. (Str +2)


Message History

You hit the wolf spider.
The wolf spider is lightly wounded.
You feel very sick. The wolf spider closely misses you.
The wolf spider misses you. The wolf spider barely misses you.
The wolf spider bites you!
You're too hungry to go berserk.
You sock the wolf spider!
The wolf spider is lightly wounded.
You feel sick. The wolf spider barely misses you. The wolf spider bites you!
You are lethally poisoned!
The wolf spider poisons you!
You impale the wolf spider!!
The wolf spider is almost dead.
* * * LOW HITPOINT WARNING * * *
You feel very sick. The wolf spider hits you!!
* * * LOW HITPOINT WARNING * * *
The wolf spider bites you but does no damage.
The wolf spider hits you!
You die... .P.PP.............
PyPPP.............

..PPPP............#
PPPPPPsP..#......##
.PPP...P..........#
.PPP....##.........
...P....##...[.....
....PP.P.s@.......$
...P..P...........#
###..PP.###......##
#####.# ##....##
###†# .#.##
###.†.####.#...
#.............##
#.............# #.
#............ ##.


You could see a wolf spider.

Vanquished Creatures
  Erica (Lair:1)
  A wolf spider (Lair:1)
  A black mamba (Lair:1)
  A spiny frog (Lair:1)
  A two-headed ogre (D:9)
  Sigmund (D:3)
  5 yaks (D:9)
  A wyvern (D:9)
  2 hippogriffs (D:9)
  A porcupine (Lair:1)
  Duvessa (D:6)
  2 black bears (D:9)
  A sky beast (D:8)
  2 ice beasts
  An orc warrior (D:9)
  A phantom (D:5)
  A necrophage (D:8)
  2 wasps (Lair:1)
  9 ogres
  5 centaurs
  4 crocodiles (D:9)
  Blork the orc (D:6)
  A big kobold (D:8)
  5 giant frogs
  Dowan (D:6)
  A water moccasin skeleton (D:8)
  A scorpion (D:5)
  3 killer bees (D:9)
  7 wights (D:8)
  A howler monkey (D:5)
  2 crimson imps
  A quasit (D:8)
  A centaur zombie (D:8)
  2 giant frog zombies
  A hound (D:8)
  5 orc priests
  4 centaur skeletons
  A giant frog skeleton (D:9)
  3 jellies
  9 orc wizards
  Ijyb (D:2)
  6 iguanas
  7 worker ants
  2 hound zombies
  A hound skeleton (D:4)
  A worker ant zombie (D:6)
  A howler monkey skeleton (D:4)
  A howler monkey zombie (D:7)
  3 river rats (D:9)
  18 adders
  2 shadow imps
  An ooze (D:1)
  2 adder skeletons
  3 dart slugs
  4 worms
  2 giant geckos
  28 orcs
  16 giant cockroaches
  6 goblins
  5 hobgoblins
  13 jackals
  7 quokkas
  A ball python (D:3)
  13 bats
  2 giant gecko skeletons
  4 giant newts
  A jackal skeleton (D:4)
  7 kobolds
  10 rats
  A plant (Lair:1)
263 creatures vanquished.

Vanquished Creatures (others)
  An orc wizard (D:4)
  21 fungi
  6 plants (D:9)
28 creatures vanquished.

Grand Total: 291 creatures vanquished

Notes
Turn   | Place    | Note
-------+----------+-------------------------------------------
     0 | D:1      | HAL9000 the Ogre Berserker began the quest for the Orb.
     0 | D:1      | Reached XP level 1. HP: 24/24 MP: 1/1
   106 | D:1      | Reached XP level 2. HP: 32/32 MP: 2/2
   120 | D:1      | Found a glowing golden altar of the Shining One.
   564 | D:2      | Reached skill level 5 in Maces & Flails
   585 | D:2      | Reached XP level 3. HP: 28/40 MP: 3/3
   807 | D:2      | Noticed Ijyb
   819 | D:2      | Killed Ijyb
   932 | D:2      | Reached XP level 4. HP: 5/49 MP: 4/4
  1424 | D:2      | Reached ** piety under Trog
  1624 | D:2      | Reached skill level 5 in Fighting
  1818 | D:3      | Noticed Sigmund
  1862 | D:3      | Reached skill level 6 in Maces & Flails
  2086 | D:3      | Killed Sigmund
  2086 | D:3      | Reached skill level 7 in Maces & Flails
  2086 | D:3      | Reached XP level 5. HP: 59/59 MP: 5/5
  2086 | D:3      | Reached XP level 6. HP: 67/67 MP: 6/6
  2957 | D:4      | Reached skill level 8 in Maces & Flails
  3218 | D:4      | Reached XP level 7. HP: 32/76 MP: 7/7
  3592 | D:4      | Reached skill level 9 in Maces & Flails
  3594 | D:4      | Reached *** piety under Trog
  3835 | D:4      | Got a fine dagger
  3955 | D:4      | Reached skill level 10 in Maces & Flails
  3964 | D:4      | Identified the +8 dagger "Eghob" {venom, rC+ SInv} (You found it on level 4 of the Dungeon)
  4153 | D:4      | Reached XP level 8. HP: 68/88 MP: 8/8
  4507 | D:5      | Entered Level 5 of the Dungeon
  4793 | D:4      | Reached skill level 11 in Maces & Flails
  5342 | D:6      | Reached skill level 12 in Maces & Flails
  5376 | D:6      | Noticed Duvessa
  5376 | D:6      | Noticed Dowan
  5388 | D:6      | Killed Duvessa
  5388 | D:6      | Reached XP level 9. HP: 75/100 MP: 9/9
  5389 | D:6      | Killed Dowan
  5620 | D:6      | Gained mutation: Your muscles are strong. (Str +2) [potion of beneficial mutation]
  5711 | D:6      | Noticed Blork the orc
  5904 | D:6      | Killed Blork the orc
  5904 | D:6      | Reached **** piety under Trog
  6181 | D:7      | Found a bloodstained altar of Trog.
  6323 | D:7      | Reached skill level 10 in Fighting
  6326 | D:7      | Reached skill level 13 in Maces & Flails
  6347 | D:7      | Found a staircase to the Ecumenical Temple.
  6360 | Temple   | Entered the Ecumenical Temple
  7079 | D:8      | Found Ruofextese's Magic Scroll Shoppe.
  7095 | D:8      | Bought a scroll of teleportation for 42 gold pieces
  7185 | D:8      | Reached skill level 14 in Maces & Flails
  7392 | D:8      | Reached XP level 10. HP: 112/112 MP: 10/10
  8210 | D:9      | Found a bloodstained altar of Trog.
  8240 | D:9      | Reached skill level 15 in Maces & Flails
  8583 | D:9      | Reached skill level 16 in Maces & Flails
  8734 | D:9      | Reached ***** piety under Trog
  8954 | D:9      | Reached skill level 1 in Throwing
  9183 | D:9      | Found a staircase to the Lair.
  9252 | Lair:1   | Entered Level 1 of the Lair of Beasts
  9267 | Lair:1   | Noticed Erica
  9277 | Lair:1   | Killed Erica
  9277 | Lair:1   | Reached XP level 11. HP: 84/122 MP: 11/11
  9793 | Lair:1   | Noticed a wolf spider
  9802 | Lair:1   | Noticed a wolf spider
  9804 | Lair:1   | Killed a wolf spider
  9804 | Lair:1   | Reached skill level 17 in Maces & Flails
  9816 | Lair:1   | HP: 6/122 [wolf spider (26)]
  9816 | Lair:1   | Mangled by a wolf spider

Vault maps used:
D:1:      saegor_arrival_simple_a, minmay_crystal_water, tso_metal_star
D:2:      first_bread, roderic_serpentine_path, uniq_iyjb
D:3:      minmay_roachtagon, uniq_sigmund
D:4:      kennysheep_big_flooded_room, hangedman_decor_diamond_cutter
D:5:      kennysheep_generic_room_12
D:6:      uniq_duvessa, uniq_blork_the_orc
D:7:      basic_altar
D:8:      serial_shops, shop
D:9:      lightli_temple_of_fire, grunt_lair_entry_orc_guard_hut,
          grunt_ogre_cave
Temple:   nicolae_temple_the_god_donut
Lair:1:   minmay_lair_venomous_thicket, uniq_erica

Skill      XL: |  1  2  3  4  5  6  7  8  9 10 11 |
---------------+----------------------------------+-----
Maces & Flails | 5 7 8 10 12 14 16 17 | 17.0
Fighting       | 6 7 9 11 12 | 12.0
Dodging        | 3 4 |  4.5
Throwing       | 2 3 |  3.3

Action                   |  1- 3 |  4- 6 |  7- 9 | 10-12 || total
-------------------------+-------+-------+-------+-------++-------
Melee: Mace              |    78 |   179 |     6 |       ||   263
       Giant club        |       |       |   248 |    69 ||   317
       Flail             |       |       |    11 |       ||    11
       Giant spiked club |       |       |       |   168 ||   168
Throw: Tomahawk          |       |     2 |    11 |       ||    13
       Javelin           |       |       |     5 |     5 ||    10
Invok: Berserk           |     1 |     1 |     6 |     4 ||    12
       Trog's Hand       |       |       |     4 |     2 ||     6
  Use: Scroll            |       |     1 |     7 |    14 ||    22
       Potion            |       |       |     1 |       ||     1
 Stab: Sleeping          |       |       |     1 |       ||     1
  Eat: Chunk             |       |    10 |    16 |    12 ||    38
       Royal jelly       |       |       |     1 |       ||     1
       Fruit             |       |       |     1 |       ||     1
       Pizza             |       |       |       |     1 ||     1
Armor: Animal skin       |    18 |    46 |    37 |    48 ||   149
Dodge: Dodged            |    39 |    94 |   114 |   208 ||   455
